 Dungeon Crawl Stone Soup version 0.21.0-3-g78d12a8 (webtiles) character file.

4 Ignatius881 the Magician (level 1, 0/10 HPs)
             Began as a Deep Elf Wizard on Jan 11, 2018.
             Slain by a jackal (3 damage)
             ... on level 1 of the Dungeon.
             The game lasted 00:00:29 (65 turns).

Ignatius881 the Magician (Deep Elf Wizard)            Turns: 65, Time: 00:00:29

Health: 0/10       AC:  2    Str:  4    XL:     1   Next: 58%
Magic:  0/8        EV: 13    Int: 22    God:
Gold:   37         SH:  0    Dex: 13    Spells: 8/9 levels left

rFire    . . .     SeeInvis .   (no weapon)
rCold    . . .     Gourm    .   (no shield)
rNeg     . . .     Faith    .   a - +0 robe
rPois    .         Spirit   .   b - +0 hat
rElec    .         Reflect  .   (no cloak)
rCorr    .         Harm     .   (no gloves)
MR       .....                  (no boots)
Stlth    ++........             (no amulet)
HPRegen  0.03/turn              (no ring)
MPRegen  0.11/turn              (no ring)

@: very slightly contaminated
A: no striking features
a: no special abilities


You were on level 1 of the Dungeon.
You were not hungry.

You visited 1 branch of the dungeon, and saw 1 of its levels.

You collected 37 gold pieces.

Inventory:

Armour
 a - a +0 robe (worn)
 b - a +0 hat (worn)
Scrolls
 d - a scroll of enchant armour {unknown}
Books
 c - a book of Minor Magic
Comestibles
 e - 2 rations


   Skills:
 - Level 2.4 Dodging
 - Level 2.4 Stealth
 + Level 4.6 Spellcasting
 + Level 1.5 Conjurations
   Level 1.1 Summonings
   Level 1.1 Translocations


You had 8 spell levels left.
You knew the following spells:

 Your Spells              Type           Power        Failure   Level  Hunger
a - Magic Dart            Conj           ##..         5%          1    None


Dungeon Overview and Level Annotations

Branches:
Dungeon (1/15)

Altars:


Message History

Found 16 gold pieces.
You see here a dagger.
You now have 37 gold pieces (gained 10).
d - a scroll labeled GUXUXY JUN A jackal comes into view.
Found 15 gold pieces.
There is a stone staircase leading down here.
A jackal is nearby!
Aim: a jackal (resting)
The magic dart hits the jackal.
The jackal barks!
A jackal comes into view.
Aim: a jackal The magic dart hits the jackal.
Aim: a jackal (heavily wounded)
The magic dart hits the jackal.
Aim: a jackal (severely wounded)
The magic dart hits the jackal.
You kill the jackal! 2 jackals and a goblin come into view.
Aim: a jackal The magic dart hits the jackal.
The goblin shouts!
The jackal barks! x2
Aim: a jackal (moderately wounded)
You miscast Magic Dart.
You are very lightly contaminated with residual magic.
Nothing appears to happen.
The jackal barely misses you.
Aim: a jackal (moderately wounded)
The magic dart hits the jackal.
The jackal barely misses you.
Aim: a jackal (moderately wounded)
The magic dart hits the jackal.
You kill the jackal!
You don't have enough magic to cast that spell.
You barely miss the jackal. The jackal barely misses you. The jackal bites you.
A goblin comes into view. It is wielding a club.
You completely miss the jackal. The jackal misses you.
The jackal closely misses you.
The goblin moves out of view.
You hit the jackal but do no damage. The jackal barely misses you.
The jackal bites you but does no damage.
The jackal barely misses you.
You hit the jackal but do no damage. The jackal closely misses you.
The jackal barely misses you. The jackal misses you.
The goblin hits you with a club.
Ouch! That really hurt!
* * * LOW HITPOINT WARNING * * *
Aim: a jackal The magic dart hits the jackal.
The jackal bites you.
* * * LOW HITPOINT WARNING * * *
The jackal bites you.
You die...

##(....(.##
##.........##
##...........##
##......#......##
#......###......##
......##
##......## #
.....##
##......#.# ....##
##..).h..#.##
<..## ##..@h†.....
....# #....g..#..$
.....# #......#.#
. ......#
#$.....##.#
#......# #....).##
#
##......#......##
##...........#
#.........#


You could see 2 jackals and a goblin.

Vanquished Creatures
  A goblin (D:1)
  2 jackals (D:1)
  A frilled lizard (D:1)
4 creatures vanquished.

Notes
Turn   | Place    | Note
-------+----------+-------------------------------------------
     0 | D:1      | Ignatius881 the Deep Elf Wizard began the quest for the Orb.
     0 | D:1      | Reached XP level 1. HP: 10/10 MP: 7/7
    65 | D:1      | Slain by a jackal

Action                   || total
-------------------------++-------
Melee: Unarmed           ||     4
 Cast: Magic Dart        ||    10
Armor: Robe              ||     1
Dodge: Dodged            ||    10
